 Dungeon Crawl Stone Soup version 0.23.2 (webtiles) character file.

Game seed: 14542694427011059362

114 Borgoz the Cutter (level 4, -5/37 HPs)
             Began as a Ghoul Gladiator on Apr 4, 2019.
             Killed from afar by an orc wizard (9 damage)
             ... with a puff of flame
             ... on level 3 of the Dungeon.
             The game lasted 00:03:42 (2122 turns).

Borgoz the Cutter (Ghoul Gladiator)                 Turns: 2122, Time: 00:03:43

Health: -5/37      AC:  4    Str: 15 (17) XL:     4   Next: 98%
Magic:  3/3        EV: 12    Int:  4 (6)  God:
Gold:   150        SH:  0    Dex:  8 (11) Spells: 3/3 levels left

rFire    . . .     SeeInvis .   n - +0 dagger (venom)
rCold    + . .     Gourm    .   (no shield)
rNeg     + + +     Faith    .   b - +0 leather armour
rPois    ∞         Spirit   .   c - +0 helmet
rElec    .         Reflect  .   (no cloak)
rCorr    .         Harm     .   (no gloves)
MR       .....                  (no boots)
Stlth    +.........             (no amulet)
HPRegen  0.00/turn              l - +3 ring of intelligence
MPRegen  0.08/turn              (no ring)

@: flying, very slightly contaminated, rotting
A: rotting body, claws 1, carnivore, cold resistance 1, negative energy
resistance 3, inhibited regeneration, torment resistance, unbreathing
a: no special abilities


You were on level 3 of the Dungeon.
You were not hungry.

You visited 1 branch of the dungeon, and saw 3 of its levels.

You collected 150 gold pieces.

Inventory:

Hand Weapons
 a - a +0 rapier
 n - a +0 dagger of venom (weapon)
Missiles
 d - 3 throwing nets (quivered)
Armour
 b - a +0 leather armour (worn)
 c - a +0 helmet (worn)
Jewellery
 l - a +3 ring of intelligence (left claw)
 m - an uncursed amulet of the acrobat {unknown}
Scrolls
 g - a scroll of amnesia {unknown}
 h - 2 scrolls of blinking {unknown}
 i - 6 scrolls of identify {unknown}
 q - a scroll of teleportation {unknown}
Comestibles
 f - 5 rations


   Skills:
 + Level 2.7 Fighting
 * Level 3.5 Short Blades
 - Level 1.7 Throwing
 * Level 2.1 Armour
 * Level 3.4 Dodging


You had 3 spell levels left.
You didn't know any spells.
Your spell library was empty.

Dungeon Overview and Level Annotations

Branches:
Dungeon (3/15)

Altars:
Xom


Innate Abilities, Weirdness & Mutations

Your body is rotting away.
You thrive on raw meat.
You are immune to poison.
You have sharp fingernails.
You are carnivorous and can eat meat at any time.
Your flesh is cold resistant. (rC+)
You are immune to negative energy. (rN+++)
You do not regenerate when monsters are visible.
You are immune to unholy pain and torment.
You can survive without breathing.


Message History

You flicker back into view.
Something hits you but does no damage. The orc hits you but does no damage.
The gnoll hits you with a +0 halberd.
You bump into the rock wall.
Something barely misses you. The orc barely misses you.
The gnoll closely misses you.
You bump into the rock wall.
You feel less invigorated.
You feel less confused. Something hits you.
The gnoll hits you with a +0 halberd!
* * * LOW HITPOINT WARNING * * *
The orc closely misses you.
You hit the orc.
The orc is moderately wounded.
Something hits you but does no damage.
You hit the orc.
The orc is poisoned.
The orc is heavily wounded.
The orc hits you but does no damage. The gnoll misses you.
You hear some strange, mumbled words.
A puff of flame appears from out of thin air!
The puff of flame hits you!
You die...

## #. #. #. #.
######.#######.#
.......{@ggg>..#
.####.o####.###
#..# #..#
#.##.#..####.#
.....#.......#
#....#.#######
## ##.##.#.# ..
...#.#.#


You could see 2 gnolls, an orc and a hobgoblin.

Vanquished Creatures
  A gnoll (D:3)
  An adder (D:2)
  An ooze (D:3)
  3 worms (D:2)
  2 dart slugs
  3 leopard geckos (D:2)
  An orc (D:3)
  9 bats
  5 giant cockroaches
  10 hobgoblins
  6 jackals
  5 kobolds
  A quokka (D:2)
  3 frilled lizards
  11 goblins
  7 rats
69 creatures vanquished.

Vanquished Creatures (others)
  An orc (D:3)
1 creature vanquished.

Grand Total: 70 creatures vanquished

Notes
Turn   | Place    | Note
-------+----------+-------------------------------------------
     0 | D:1      | Borgoz the Ghoul Gladiator began the quest for the Orb.
     0 | D:1      | Reached XP level 1. HP: 17/17 MP: 0/0
    86 | D:1      | Reached XP level 2. HP: 20/24 MP: 1/1
   373 | D:1      | Reached skill level 1 in Armour
   446 | D:1      | Reached XP level 3. HP: 27/30 MP: 2/2
  1037 | D:2      | Found a shimmering altar of Xom.
  1041 | D:2      | Found a shimmering altar of Xom.
  1041 | D:2      | Found a shimmering altar of Xom.
  1041 | D:2      | Found a shimmering altar of Xom.
  1042 | D:2      | Found a shimmering altar of Xom.
  1415 | D:2      | Reached XP level 4. HP: 28/37 MP: 3/3
  2122 | D:3      | Killed from afar by an orc wizard

Skill      XL: |  1  2  3  4 |
---------------+-------------+-----
Armour         | 1 2 |  2.1
Short Blades   | 3 |  3.5
Dodging        | 3 |  3.4
Fighting       | |  2.7
Throwing       | |  1.7

Action                   |  1- 3 |  4- 6 || total
-------------------------+-------+-------++-------
Melee: Rapier            |   149 |       ||   149
       Dagger            |    31 |    92 ||   123
Throw: Throwing net      |     1 |       ||     1
  Use: Potion            |       |     6 ||     6
  Eat: Chunk             |    11 |     6 ||    17
Armor: Leather armour    |    66 |    37 ||   103
Dodge: Dodged            |   133 |    79 ||   212
